 Dungeon Crawl Stone Soup version 0.16-a0-3943-gb4b81e6 (console) character file.

1918 Fusha the Ducker (level 8, -8/78 HPs)
             Began as a Troll Summoner on Feb 8, 2015.
             Was a Follower of Vehumet.
             Mangled by an orc warrior
             ... wielding a +0 scimitar
              (15 damage)
             ... on level 7 of the Dungeon.
             The game lasted 00:21:37 (6009 turns).

Fusha the Ducker (Troll Summoner)                   Turns: 6009, Time: 00:21:38

Health: -8/78      AC:  6    Str: 23    XL:     8   Next: 95%
Magic:  8/8        EV: 11    Int: 12    God:    Vehumet [*.....]
Gold:   339        SH:  0    Dex: 10    Spells: 6 memorised, 0 levels left

rFire  . . .     SeeInvis .       - Unarmed
rCold  . . .     Clarity  +     a - +0 robe
rNeg   . . .     SustAb   .     (shield restricted)
rPois  .         Gourm    +     (helmet restricted)
rElec  .         Spirit   .     g - +0 cloak
rCorr  .         Warding  .     (gloves unavailable)
rMut   .         Stasis   .     (boots unavailable)
MR     .....                    p - amulet of clarity
Stlth  ++........               s - +5 ring of strength
                                r - ring of wizardry

@: not resistant to hostile enchantments, unstealthy
A: unfitting armour, claws 3, fast metabolism 3, gourmand, regeneration 2,
shaggy fur 1, tough skin 2
a: Renounce Religion


You were on level 7 of the Dungeon.
You worshipped Vehumet.
Vehumet was aware of your devotion.
You were very full.

You visited 2 branches of the dungeon, and saw 8 of its levels.

You collected 628 gold pieces.
You spent 130 gold pieces at shops.
You paid 156 gold pieces to Gozag.

Inventory:

Missiles
 G - a throwing net (quivered)
Armour
 a - a +0 robe (worn)
 g - a +0 cloak (worn)
Magical staves
 l - an uncursed staff of earth
Jewellery
 n - an uncursed ring of ice
 p - an amulet of clarity (around neck)
 r - a ring of wizardry (left claw)
 s - a +5 ring of strength (right claw)
 C - an uncursed ring of stealth
Magical devices
 e - a wand of flame (27)
 q - a wand of magic darts (14)
 t - a wand of polymorph (12)
 x - a wand of disintegration (8)
 D - a wand of invisibility (5)
Scrolls
 d - 2 scrolls of enchant armour {unknown}
 f - 2 scrolls of remove curse
 i - a scroll of fog
 w - a scroll of magic mapping {unknown}
 y - 3 scrolls of immolation {unknown}
 A - 3 scrolls of teleportation
 B - a scroll of recharging
Potions
 h - 4 potions of curing
 j - a potion of agility
 m - a potion of might
 o - a potion of resistance
 u - 2 potions of restore abilities {unknown}
 v - 2 potions of ambrosia
 z - a potion of decay {unknown}
Books
 b - a book of Callings

   Spells                             Type                      Level
   a - Summon Small Mammal            Summoning                    1
   b - Call Imp                       Summoning                    2
   c - Call Canine Familiar           Summoning                    3
   d - Summon Guardian Golem          Hexes/Summoning              4
   e - Summon Lightning Spire         Summoning/Air                4
   f - Summon Ice Beast               Ice/Summoning                4
 F - a book of Air

   Spells                             Type                      Level
   a - Shock                          Conjuration/Air              1
   b - Swiftness                      Charms/Air                   2
   c - Repel Missiles                 Charms/Air                   2
   d - Flight                         Charms/Air                   3
   e - Static Discharge               Conjuration/Air              3
   f - Lightning Bolt                 Conjuration/Air              5
Comestibles
 c - 5 meat rations
 k - a bread ration
 E - a beef jerky


   Skills:
 + Level 4.0 Fighting
 + Level 5.7 Dodging
 + Level 2.2 Stealth
 + Level 5.5 Unarmed Combat
 + Level 2.2 Spellcasting
 + Level 4.1 Summonings


You couldn't memorise any spells.
You knew the following spells:

 Your Spells              Type           Power        Failure   Level  Hunger
a - Summon Small Mammal   Summ           ##..         2%          1    ##.....
b - Call Imp              Summ           ##......     4%          2    ###....
c - Call Canine Familiar  Summ           ##......     7%          3    ####...
d - Shock                 Conj/Air       #...         12%         1    ##.....
e - Swiftness             Chrm/Air       #.......     16%         2    ###....
f - Repel Missiles        Chrm/Air       #.....       16%         2    ###....


Dungeon Overview and Level Annotations

Branches:
Dungeon (7/15)             Temple (1/1) D:6

Altars:
Cheibriados
Gozag
Kikubaaqudgha
Makhleb
Nemelex Xobeh
Okawaru
Qazlal
Ru
Trog
Vehumet
Yredelemnul
The Shining One

Shops:
D:4 *   D:5 *


Innate Abilities, Weirdness & Mutations

You are too large for most types of armour.
You have claws for hands.
Your metabolism is lightning-fast.
You like to eat raw meat.
You heal very quickly.
You are covered in fur (AC +1).
You have very tough skin (AC +2).


Message History

Vehumet accepts your kill. Something hits you but does no damage.
No target in view!
No target in view!
No target in view!
No target in view!
No target in view!
You claw something! Something hits you! Something hits you.
You claw something! Vehumet accepts your kill.
Reactivating autopickup.
You feel a bit more experienced. Something hits you!!
Deactivating autopickup; reactivate with Ctrl-A.
Things that are here:
a dagger; a robe No target in view!
You claw something! Something hits you!!
* * * LOW HITPOINT WARNING * * *
You barely miss something. Something hits you!
You die...

#.# #.# . #.## ...
##### ##..### ....
##...#####.....#
.....
##.........#####.
#.....###........(.#
#.....)...........##
#.......{@.##..)..##
.......######....#
.....## #...## #....
##..# #.. #.## # #.#
#.# #.. #..


There were no monsters in sight!

Vanquished Creatures
  Eustachio (D:4)
  A sky beast (D:3)
  An orc warrior (D:6)
  3 ogres
  An ice beast (D:6)
  2 centaurs
  Sigmund (D:2)
  Duvessa (D:4)
  2 giant frogs
  Dowan (D:4)
  A jelly (D:7)
  Crazy Yiuf (D:4)
  2 orc priests (D:6)
  4 crimson imps
  A hound (D:4)
  4 orc wizards
  Natasha (twice) (D:6)
  3 worker ants
  Ijyb (D:4)
  Terence (D:2)
  A gnoll (D:7)
  7 adders
  3 worms
  A giant mite (D:7)
  A shadow imp (D:6)
  An adder skeleton (D:6)
  5 giant geckos
  An ooze (D:3)
  22 orcs
  11 bats
  9 giant cockroaches
  10 goblins
  13 hobgoblins
  8 jackals
  A ball python zombie (D:5)
  6 giant newts
  2 jackal skeletons (D:6)
  12 kobolds
  3 quokkas
  12 rats
163 creatures vanquished.

Vanquished Creatures (collateral kills)
  A phantom (D:6)
  A worker ant (D:4)
2 creatures vanquished.

Vanquished Creatures (others)
  2 hounds (D:4)
  A shadow imp (D:4)
3 creatures vanquished.

Grand Total: 168 creatures vanquished

Notes
Turn   | Place    | Note
--------------------------------------------------------------
     0 | D:1      | Fusha, the Troll Summoner, began the quest for the Orb.
     0 | D:1      | Reached XP level 1. HP: 16/16 MP: 2/2
    12 | D:1      | Reached skill level 3 in Summonings
   161 | D:1      | Reached XP level 2. HP: 24/24 MP: 2/2
   660 | D:2      | Noticed Sigmund
   675 | D:2      | Killed Sigmund
   675 | D:2      | Reached skill level 1 in Unarmed Combat
   675 | D:2      | Reached XP level 3. HP: 20/32 MP: 3/3
   675 | D:2      | Reached XP level 4. HP: 25/40 MP: 4/4
   837 | D:2      | Learned a level 2 spell: Call Imp
   945 | D:2      | Noticed Terence
   963 | D:2      | Killed Terence
  1049 | D:2      | Reached XP level 5. HP: 21/46 MP: 4/4
  1058 | D:2      | Reached skill level 1 in Fighting
  1303 | D:3      | Noticed a sky beast
  1321 | D:3      | Killed a sky beast
  1459 | D:3      | Reached XP level 6. HP: 55/55 MP: 5/5
  1631 | D:3      | Learned a level 3 spell: Call Canine Familiar
  1866 | D:4      | Found Ikkugit's General Store.
  1870 | D:4      | Noticed Ijyb
  1902 | D:4      | Killed Ijyb
  1914 | D:4      | Bought a potion of might for 40 gold pieces
  2166 | D:4      | Noticed Eustachio
  2183 | D:4      | Killed Eustachio
  2183 | D:4      | Reached skill level 4 in Dodging
  2183 | D:4      | Reached XP level 7. HP: 53/66 MP: 4/6
  2240 | D:4      | Noticed Dowan
  2251 | D:4      | Noticed Duvessa
  2251 | D:4      | Killed Dowan
  2275 | D:4      | Killed Duvessa
  2383 | D:4      | Noticed Crazy Yiuf
  2394 | D:4      | Killed Crazy Yiuf
  2579 | D:4      | Found a stormy altar of Qazlal.
  2580 | D:4      | Found a snail-covered altar of Cheibriados.
  2877 | D:5      | Entered Level 5 of the Dungeon
  2929 | D:5      | Found an opulent altar of Gozag.
  2932 | D:5      | Found Gozag's Platinum Reserve.
  2937 | D:5      | Became a worshipper of Gozag Ym Sagoz the Greedy
  3604 | D:5      | Reached XP level 8. HP: 55/75 MP: 8/8
  4015 | D:6      | Noticed Natasha
  4024 | D:6      | Killed Natasha
  4600 | D:6      | Reached skill level 5 in Dodging
  4857 | D:4      | Bought a wand of invisibility (5) for 90 gold pieces
  4981 | D:6      | Found a staircase to the Ecumenical Temple.
  4986 | Temple   | Entered the Ecumenical Temple
  5019 | Temple   | Fell from the grace of Gozag
  5019 | Temple   | Became a worshipper of Vehumet
  5331 | D:6      | Noticed Natasha
  5347 | D:6      | Reached skill level 5 in Unarmed Combat
  5355 | D:6      | Killed Natasha
  5394 | D:6      | Learned a level 1 spell: Shock
  5397 | D:6      | Learned a level 2 spell: Swiftness
  5406 | D:6      | Learned a level 2 spell: Repel Missiles
  5484 | D:6      | Acquired Vehumet's first power
  5484 | D:6      | Offered knowledge of Sandblast by Vehumet.
  5859 | D:7      | Found an iron altar of Okawaru.
  6009 | D:7      | Mangled by an orc warrior

Action                   |  1- 3 |  4- 6 |  7- 9 || total
-------------------------+-------+-------+-------++-------
Melee: Unarmed           |    82 |   249 |   305 ||   636
 Cast: Call Canine Famil |       |     3 |     4 ||     7
       Call Imp          |       |       |     1 ||     1
       Repel Missiles    |       |       |     1 ||     1
Evoke: Wand              |       |     2 |       ||     2
  Use: Potion            |     1 |       |     1 ||     2
       Scroll            |       |     4 |     5 ||     9
 Stab: Sleeping          |       |     1 |     2 ||     3
       Distracted        |       |       |     1 ||     1
  Eat: Chunk             |     6 |    20 |    21 ||    47
       Bread ration      |       |       |     2 ||     2
       Pizza             |       |       |     2 ||     2
       Fruit             |       |       |     1 ||     1
       Beef jerky        |       |       |     1 ||     1
